 Dungeon Crawl Stone Soup version 0.29-a0-1039-gfc20370e89 (webtiles) character file.

Game seed: 7590811324236310164

216 Ajdolov the Grave Robber (level 5, 0/35 HPs)
             Began as a Mummy Necromancer on Aug 15, 2022.
             Slain by Ijyb
             ... wielding a +0 club
              (2 damage)
             ... on level 5 of the Dungeon.
             The game lasted 00:06:18 (4271 turns).

Ajdolov the Grave Robber (Mummy Necromancer)        Turns: 4271, Time: 00:06:19

Health: 0/35       AC:  4    Str: 11    XL:     5   Next: 61%
Magic:  5/12       EV: 12    Int: 18    God:
Gold:   237        SH:  0    Dex: 15    Spells: 5/13 levels left

rFire   x . .      SeeInvis .   k - +4 spear of Fuudghe {vorpal, *Slow Int+2 Dex+2}
rCold   + . .      Faith    .   (no shield)
rNeg    + + +      Spirit   .   a - +0 robe
rPois   ∞          Reflect  .   j - +0 helmet
rElec   .          Harm     .   (no cloak)
rCorr   .          Rampage  .   (no gloves)
Will    .....                   m - +0 pair of boots
Stlth   ++........              (no amulet)
HPRegen 0.11/turn               (no ring)
MPRegen 0.13/turn               (no ring)

@: no status effects
A: cold resistance 1, negative energy resistance 3, torment resistance 2, heat
vulnerability 1, in touch with death 1, no potions
a: no special abilities


You were on level 5 of the Dungeon.
You visited 2 branches of the dungeon, and saw 6 of its levels.

You collected 237 gold pieces.

Inventory:

Hand Weapons
 k - the +4 spear of Fuudghe (weapon) {vorpal, *Slow Int+2 Dex+2}
   (You found it on level 3 of the Dungeon)

   It inflicts extra damage upon your enemies.
   Int:       It affects your intelligence (+2).
   Dex:       It affects your dexterity (+2).
   *Slow:     It may slow you when you take damage.
Missiles
 c - 5 curare-tipped darts
Armour
 a - a +0 robe (worn)
 j - a +0 helmet (worn)
 m - a +0 pair of boots (worn)
Jewellery
 i - a ring of magical power
Wands
 l - a wand of mindburst (8)
Scrolls
 b - a scroll of amnesia {unknown}
 d - 2 scrolls of teleportation {unknown}
 e - 3 scrolls of identify {unknown}
 f - a scroll of poison {unknown}
 g - a scroll of summoning {unknown}
 h - a scroll of silence {unknown}


   Skills:
 - Level 1.5 Dodging
 - Level 1.5 Stealth
 + Level 4.7 Spellcasting
 * Level 6.1 Necromancy


You had 5 spell levels left.
You knew the following spells:

 Your Spells              Type           Power      Damage    Failure   Level
a - Necrotise             Necr           100%       1d9       1%          1
b - Vampiric Draining     Necr           39%        2d8       3%          3
c - Animate Dead          Necr           39%        N/A       11%         4

Your spell library contained the following spells:

 Spells                   Type           Power      Damage    Failure   Level
 Agony                    Necr           39%        N/A       30%         5


Dungeon Overview and Level Annotations

Branches:
Dungeon (5/15)             Temple (1/1) D:4

Altars:
Ashenzari
Dithmenos
Gozag
Hepliaklqana
Makhleb
Okawaru
Qazlal
Sif Muna
Uskayaw
Vehumet
Wu Jian
Xom
Yredelemnul

Shops:
D:1 (   D:4 (

Annotations:
D:2 exclusion: spectral thing
D:5 Ijyb


Innate Abilities, Weirdness & Mutations

You are immune to poison.
Your flesh is cold resistant. (rC+)
You are immune to negative energy. (rN+++)
You are immune to unholy pain and torment.
You are vulnerable to heat. (rF-)
You are in touch with the powers of death.
You do not drink.


Message History

Ijyb zaps a wand.
The puff of flame hits you! The fire burns you terribly!
* * * LOW HITPOINT WARNING * * *
You are too injured to fight recklessly!
There is a stone staircase leading up here.
You can't drink.
Unknown command.
You hit Ijyb.
Ijyb is heavily wounded.
Ijyb closely misses you.
You puncture Ijyb!
Ijyb is almost dead.
Ijyb barely misses you.
You closely miss Ijyb.
Ijyb is almost dead.
Ijyb drinks a potion.
Ijyb is healed!
You hit Ijyb but do no damage.
Ijyb screams, "It's all mine!"
Ijyb hits you but does no damage.
Press: ? - help, v - describe, . - travel
Here: Ijyb, wielding a +0 club, wearing a +1 ring mail of willpower and carrying a wand of flame (9)
The floor.
Unknown command.
You are too injured to fight recklessly!
Aiming: Necrotise (safe; 1% risk of failure)
Press: ? - help, Q - select action, (/) - cycle Shift-Dir - straight line, f/p - Ijyb
Aim: Ijyb, wielding a +0 club, wearing a +1 ring mail of willpower and carrying a wand of flame (9) (chance to affect: 62%)
You feel a surge of power!
Ijyb resists with significant effort.
Ijyb hits you but does no damage.
Aiming: Necrotise (safe; 1% risk of failure)
Press: ? - help, Q - select action, (/) - cycle Shift-Dir - straight line, f/p - Ijyb
Aim: Ijyb, wielding a +0 club, wearing a +1 ring mail of willpower and carrying a wand of flame (9) (chance to affect: 62%)
You feel a surge of power!
Ijyb resists with significant effort.
Ijyb zaps a wand.
The puff of flame hits you! The fire burns you terribly!
* * * LOW HITPOINT WARNING * * *
Okay, then.
Aiming: Mindburst
Press: ? - help, Shift-Dir - straight line, f/p - Ijyb
Aim: Ijyb, wielding a +0 club, wearing a +1 ring mail of willpower and carrying a wand of flame (8) (chance to affect: 37%) Ijyb resists with some effort.
Ijyb hits you with a +0 club.
You die...

### #.#
#.# #@#
#g# #.#
..# ...#
....#
.....#
......#
.......#


You could see Ijyb.

Vanquished Creatures
  A howler monkey (D:3)
  An orc wizard (D:4)
  Robin (D:2)
  A gnoll (D:1)
  3 adders
  4 dart slugs
  6 orcs
  7 bats
  6 endoplasms
  20 goblins
  12 hobgoblins
  3 quokkas
  A ball python (D:2)
  3 frilled lizards
  6 kobolds
  7 rats
82 creatures vanquished.

Vanquished Creatures (collateral kills)
  An endoplasm (D:3)
  A kobold (D:1)
  A bat (D:2)
  2 rats (D:3)
5 creatures vanquished.

Vanquished Creatures (others)
  9 plants (D:2)
9 creatures vanquished.

Grand Total: 96 creatures vanquished

Notes
Turn   | Place    | Note
-------+----------+-------------------------------------------
     0 | D:1      | Ajdolov the Mummy Necromancer began the quest for the Orb.
     0 | D:1      | Reached XP level 1. HP: 13/13 MP: 4/4
   340 | D:1      | Reached XP level 2. HP: 19/19 MP: 4/6
   584 | D:1      | Found Nehuipp's Weapon Shoppe.
   953 | D:1      | Gained mutation: You are in touch with the powers of death.
                  | [Mummy growth]
   953 | D:1      | Reached XP level 3. HP: 24/24 MP: 4/7
   960 | D:1      | Learned a level 3 spell: Vampiric Draining
  1229 | D:2      | Noticed Robin
  1241 | D:2      | Killed Robin
  1325 | D:1      | Reached skill level 5 in Necromancy
  1448 | D:2      | Reached XP level 4. HP: 29/30 MP: 3/9
  1580 | D:2      | Learned a level 4 spell: Animate Dead
  2142 | D:2      | Found a faded altar of an unknown god.
  2296 | D:3      | Found a broken altar of Ashenzari.
  2463 | D:3      | Identified the +4 spear of Fuudghe {vorpal, *Slow Int+2
                  | Dex+2}
  2558 | D:3      | Reached XP level 5. HP: 33/35 MP: 5/11
  2697 | D:3      | Found a burning altar of Makhleb.
  2697 | D:3      | Noticed a green death
  2700 | D:3      | Noticed a ynoxinul
  2700 | D:3      | Noticed a ynoxinul
  2902 | D:4      | Found Akhlukhle's Weapon Boutique.
  2958 | D:4      | Found a staircase to the Ecumenical Temple.
  2967 | Temple   | Entered the Ecumenical Temple
  3545 | D:4      | Reached skill level 6 in Necromancy
  4074 | D:4      | Found a radiant altar of Vehumet.
  4132 | D:4      | Found an iron altar of Okawaru.
  4255 | D:5      | Entered Level 5 of the Dungeon
  4255 | D:5      | Noticed Ijyb
  4271 | D:5      | Slain by Ijyb

Illustrated notes

Levels and vault maps discovered:
D:1:      psy_arrival_radial01, layout_basic, serial_shops,
          nicolae_shop_bloodbath_and_beyond, hangedman_decor_points,
          minmay_misc_feat_alley, minmay_misc_feat_room
D:2:      layout_rooms, dreamdust_ecumenical_altar_drowned_temple,
          mrwooster_statue_mirror, serial_bayou_ford_a,
          kennysheep_generic_room_10, uniq_robin
D:3:      layout_rooms, nicolae_ashenzari_panopticon, makhleb_altar_promises_db,
          lemuel_another_geyser
D:4:      layout_rooms, kennysheep_okawaru_gauntlet,
          nicolae_vehumet_altar_sigil, minmay_temple_entry_tees,
          minmay_misc_feat_roman, nicolae_stop_n_shop_2, nicolae_hexahallways
D:5:      layout_basic, lemuel_round_altar, mainiacjoe_overflow_small_starburst,
          moated_statue, uniq_ijyb
Temple:   jpeg_temple_clearing

Skill      XL: |  1  2  3  4  5 |
---------------+----------------+-----
Spellcasting   | 3 4 |  4.7
Necromancy     | 5 6 |  6.1
Dodging        | |  1.5
Stealth        | |  1.5

Action                   |  1- 3 |  4- 6 || total
-------------------------+-------+-------++-------
Melee: Unarmed           |     9 |       ||     9
       Spear             |     2 |    23 ||    25
       Dagger            |     1 |     1 ||     2
 Cast: Necrotise         |    53 |    94 ||   147
Evoke: Wand              |       |     1 ||     1
Armor: Robe              |     5 |    10 ||    15
Dodge: Dodged            |    18 |    28 ||    46

Table legend: (Time is in decaauts)
 A = Elapsed time spent in this place.
 B = Non-inter-level travel time spent in this place.
 C = Inter-level travel time spent in this place.
 D = Time resting spent in this place.
 E = Time spent auto-exploring this place.
 F = Levels seen in this place.
 G = Mean time per level.
                   A        B        C        D        E       F      G
               +--------+--------+--------+--------+--------+-----+--------+
         Total |   4291 |   4052 |    239 |    315 |   3112 |   6 |  715.2 |
       Dungeon |   4205 |   3978 |    227 |    315 |   3051 |   5 |  841.0 |
        Temple |     85 |     73 |     12 |      0 |     61 |   1 |   85.0 |
               +--------+--------+--------+--------+--------+-----+--------+

Top non-repeatable levels by time:
     D:1: 1387 daAuts
     D:4: 1052 daAuts
     D:3: 915 daAuts
     D:2: 834 daAuts
  Temple: 85 daAuts
     D:5: 16 daAuts
